 Dungeon Crawl Stone Soup version 0.29-a0-559-g359e09b9d1 (webtiles) character file.

Game seed: 3772020041794821435

122 Crownlay the Grave Robber (level 4, -4/30 HPs)
             Began as a Demonspawn Necromancer on June 10, 2022.
             Slain by Crazy Yiuf
             ... wielding a +2 quarterstaff of chaos
              (11 damage)
             ... on level 2 of the Dungeon.
             The game lasted 00:04:02 (2175 turns).

Crownlay the Grave Robber (Demonspawn Necromancer)  Turns: 2175, Time: 00:04:02

Health: -4/30      AC:  3    Str:  8    XL:     4   Next: 78%
Magic:  6/7        EV: 12    Int: 18    God:
Gold:   96         SH:  0    Dex: 14    Spells: 3/8 levels left

rFire   . . .      SeeInvis .   d - +2 spear (venom)
rCold   . . .      Faith    .   (no shield)
rNeg    . . .      Spirit   .   a - +0 robe
rPois   .          Reflect  .   (no helmet)
rElec   .          Harm     .   (no cloak)
rCorr   .          Rampage  .   (no gloves)
Will    .....                   (no boots)
Stlth   ++........              e - amulet of the acrobat
HPRegen 0.10/turn               (no ring)
MPRegen 0.10/turn               (no ring)

@: no status effects
A: hooves 1, rugged brown scales 1, condensation shield
a: no special abilities


You were on level 2 of the Dungeon.
You visited 1 branch of the dungeon, and saw 2 of its levels.

You collected 96 gold pieces.

Inventory:

Hand Weapons
 d - a +2 spear of venom (weapon)
 h - a +0 mace
Armour
 a - a +0 robe (worn)
Jewellery
 e - an amulet of the acrobat (around neck)
Wands
 m - a wand of flame (4)
Scrolls
 c - a scroll of summoning {unknown}
 f - a scroll of identify {unknown}
 g - 2 scrolls of poison {unknown}
 k - a scroll of teleportation {unknown}
 l - a scroll of silence {unknown}
 p - a scroll of fear {unknown}
Potions
 b - a potion of magic
 i - 2 potions of ambrosia {unknown}
 j - 2 potions of might {unknown}
 n - a potion of attraction {unknown}
 o - a potion of heal wounds {unknown}


   Skills:
 + Level 1.3 Maces & Flails
 + Level 1.3 Armour
 + Level 2.4 Dodging
 - Level 1.7 Stealth
 + Level 2.5 Spellcasting
 * Level 5.3 Necromancy


You had 3 spell levels left.
You knew the following spells:

 Your Spells              Type           Power      Damage    Failure   Level
a - Necrotize             Necr           84%        1d8       1%          1
b - Animate Dead          Necr           21%        N/A       19%         4

Your spell library contained the following spells:

 Spells                   Type           Power      Damage    Failure   Level
 Vampiric Draining        Necr           21%        2d7       5%          3
 Summon Guardian Golem    Hex/Summ       2%         N/A       45%         3
 Agony                    Necr           21%        N/A       45%         5
 Fireball                 Conj/Fire      1%         3d3       99%         5
 Iskenderun's Battlesphe  Conj           2%         2d6       99%         5
 Conjure Ball Lightning   Conj/Air       1%         3x3d6     100%        6
 Orb of Destruction       Conj           1%         9d5       100%        7
 Spellforged Servitor     Conj/Summ      1%         N/A       100%        7


Dungeon Overview and Level Annotations

Branches:
Dungeon (2/15)

Altars:

Shops:
D:2 (

Annotations:
D:2 Crazy Yiuf


Innate Abilities, Weirdness & Mutations

You have large cloven feet.
You are partially covered in rugged brown scales. (AC +1, +3% HP)
A meltable shield of frost defends you. (SH +0)


Message History

You open the door.
Casting: Necrotize (safe; 1% risk of failure)
Confirm with . or Enter, or press ? or * to list all spells.
Aiming: Necrotize (safe; 1% risk of failure)
Press: ? - help, Shift-Dir - straight line, f - Crazy Yiuf
Aim: Crazy Yiuf, wielding a +2 quarterstaff of chaos and wearing a +0 cloak (asleep, chance to affect: 85%) Crazy Yiuf shouts!
Crazy Yiuf writhes in agony.
Casting: Necrotize (safe; 1% risk of failure)
Confirm with . or Enter, or press ? or * to list all spells.
Aiming: Necrotize (safe; 1% risk of failure)
Press: ? - help, Shift-Dir - straight line, f/p - Crazy Yiuf
Aim: Crazy Yiuf, wielding a +2 quarterstaff of chaos and wearing a +0 cloak (moderately wounded, chance to affect: 85%) Crazy Yiuf writhes in agony.
You reach to attack!
You closely miss Crazy Yiuf.
Crazy Yiuf is heavily wounded.
You hit Crazy Yiuf. Your kick misses Crazy Yiuf.
Crazy Yiuf is severely wounded.
Crazy Yiuf hits you with a +2 quarterstaff of chaos.
You barely miss Crazy Yiuf.
Crazy Yiuf is severely wounded.
Crazy Yiuf hits you with a +2 quarterstaff of chaos!
Your condensation shield dissipates!
Crazy Yiuf burns you.
You hit Crazy Yiuf.
Crazy Yiuf is poisoned.
Crazy Yiuf is severely wounded.
Crazy Yiuf hits you with a +2 quarterstaff of chaos!
* * * LOW HITPOINT WARNING * * *
Crazy Yiuf draws strength from your wounds!
You are too injured to fight recklessly!
You barely miss Crazy Yiuf. Your kick misses Crazy Yiuf.
Crazy Yiuf is severely wounded.
Crazy Yiuf barely misses you. Crazy Yiuf attacks as you move away!
Crazy Yiuf barely misses you. Crazy Yiuf attacks as you move away!
Crazy Yiuf closely misses you.
You closely miss Crazy Yiuf. Your kick misses Crazy Yiuf.
Crazy Yiuf is almost dead.
Crazy Yiuf screams, "Snoogle!"
Crazy Yiuf hits you with a +2 quarterstaff of chaos!
You die...

########
##..P.#g### ###
##.....@#..##...#
#....P.####.'...#
#....P## ###..)#
#.##### ### #.#
#### #.# #.(. #.#
#####..( #.#
#....... #.#
##.#...#


You could see Crazy Yiuf (poisoned).

Vanquished Creatures
  A hound (D:2)
  An orc wizard (D:2)
  An adder (D:2)
  A worm (D:2)
  3 dart slugs
  3 orcs (D:2)
  2 bats
  5 endoplasms
  A giant cockroach (D:1)
  6 goblins
  5 hobgoblins (D:1)
  4 kobolds
  3 quokkas
  3 ball pythons
  A frilled lizard (D:1)
  6 rats
46 creatures vanquished.

Vanquished Creatures (collateral kills)
  A goblin (D:2)
  A ball python (D:1)
2 creatures vanquished.

Vanquished Creatures (others)
  A fungus (D:2)
1 creature vanquished.

Grand Total: 49 creatures vanquished

Notes
Turn   | Place    | Note
-------+----------+-------------------------------------------
     0 | D:1      | Crownlay the Demonspawn Necromancer began the quest for the
                  | Orb.
     0 | D:1      | Reached XP level 1. HP: 13/13 MP: 3/3
    68 | D:1      | You fall into a shaft and drop 1 floor!
   245 | D:1      | Gained mutation: You are partially covered in rugged brown
                  | scales. (AC +1, +3% HP) [demonic ancestry]
   245 | D:1      | Reached XP level 2. HP: 13/19 MP: 1/5
   847 | D:1      | Found a faded altar of an unknown god.
   954 | D:1      | Gained mutation: You have large cloven feet. [demonic
                  | ancestry]
   954 | D:1      | Reached XP level 3. HP: 24/24 MP: 3/6
  1341 | D:2      | Reached skill level 1 in Maces & Flails
  1341 | D:2      | Reached skill level 1 in Armour
  1341 | D:2      | Reached skill level 5 in Necromancy
  1341 | D:2      | Gained mutation: A meltable shield of frost defends you.
                  | (SH +0) [demonic ancestry]
  1341 | D:2      | Reached XP level 4. HP: 28/30 MP: 1/7
  1396 | D:2      | Found Inus's Weapon Boutique.
  1893 | D:2      | Learned a level 4 spell: Animate Dead
  2159 | D:2      | Found a runed translucent door.
  2160 | D:2      | Noticed Crazy Yiuf
  2175 | D:2      | Slain by Crazy Yiuf

Illustrated notes

Levels and vault maps discovered:
D:1:      dpeg_arrival_tiny_a, layout_loops_ring,
          shapermc_ecumenical_altar_ellora
D:2:      layout_rooms, serial_shops, nicolae_shop_bloodbath_and_beyond,
          minmay_tetromino_l4, uniq_crazy_yiuf_cottage

Skill      XL: |  1  2  3 |
---------------+----------+-----
Dodging        | 2 |  2.4
Maces & Flails | 1 |  1.3
Armour         | 1 |  1.3
Necromancy     | 5 |  5.3
Stealth        | |  1.7
Spellcasting   | |  2.5

Action                   |  1- 3 |  4- 6 || total
-------------------------+-------+-------++-------
Melee: Spear             |    13 |    30 ||    43
       Mace              |     6 |       ||     6
       Kick              |       |     5 ||     5
 Cast: Necrotize         |    48 |    16 ||    64
 Stab: Sleeping          |       |     1 ||     1
Armor: Robe              |     6 |     2 ||     8
Dodge: Dodged            |    14 |    18 ||    32
Block: Other             |       |     1 ||     1

Table legend: (Time is in decaauts)
 A = Elapsed time spent in this place.
 B = Non-inter-level travel time spent in this place.
 C = Inter-level travel time spent in this place.
 D = Time resting spent in this place.
 E = Time spent auto-exploring this place.
 F = Levels seen in this place.
 G = Mean time per level.
                   A        B        C        D        E       F      G
               +--------+--------+--------+--------+--------+-----+--------+
         Total |   2179 |   2127 |     52 |      0 |   1819 |   2 | 1089.5 |
       Dungeon |   2179 |   2127 |     52 |      0 |   1819 |   2 | 1089.5 |
               +--------+--------+--------+--------+--------+-----+--------+

Top non-repeatable levels by time:
     D:1: 1166 daAuts
     D:2: 1013 daAuts
